 Dungeon Crawl Stone Soup version 0.29.0-13-gc9e81de378 (webtiles) character file.

Game seed: 15292562637421347712

34 Jakudza the Magician (level 3, 0/19 HPs)
             Began as a Deep Elf Air Elementalist on Sept 10, 2022.
             Was a Follower of Qazlal.
             Slain by a gnoll
             ... wielding a +0 halberd
              (14 damage)
             ... on level 2 of the Dungeon.
             The game lasted 00:08:48 (1572 turns).

Jakudza the Magician (Deep Elf Air Elementalist)    Turns: 1572, Time: 00:08:48

Health: 0/19       AC:  2    Str:  3 (5)  XL:     3   Next: 14%
Magic:  0/10       EV: 13    Int: 21      God:    Qazlal [*.....]
Gold:   104        SH:  1    Dex: 18 (19) Spells: 6/9 levels left

rFire   . . .      SeeInvis .   f - +7 rapier of Rizxoh Heco {vorpal, rPois Will+ rCorr Dex+4}
rCold   . . .      Faith    .   (no shield)
rNeg    . . .      Spirit   .   a - +0 robe
rPois   +          Reflect  .   (no helmet)
rElec   .          Harm     .   (no cloak)
rCorr   +          Rampage  .   (no gloves)
Will    +....                   (no boots)
Stlth   ++........              (no amulet)
HPRegen 0.06/turn               (no ring)
MPRegen 0.12/turn               (no ring)

@: very slightly contaminated
A: no striking features
a: Renounce Religion


You were on level 2 of the Dungeon.
You worshipped Qazlal.
Qazlal was aware of your devotion.
You visited 1 branch of the dungeon, and saw 2 of its levels.

You collected 104 gold pieces.

Inventory:

Hand Weapons
 d - a +0 dagger
 f - the +7 rapier of Rizxoh Heco (weapon) {vorpal, rPois Will+ rCorr Dex+4}
   (You found it on level 2 of the Dungeon)

   It inflicts extra damage upon your enemies.
   Dex:       It affects your dexterity (+4).
   rPois:     It protects you from poison.
   rCorr:     It protects you from acid and corrosion.
   Will:      It increases your willpower.
Armour
 a - a +0 robe (worn)
Potions
 b - a potion of magic
 c - a potion of brilliance
 e - a potion of heal wounds
 g - a potion of might {unknown}


   Skills:
 + Level 2.9 Dodging
 - Level 2.8 Stealth
 * Level 3.5 Spellcasting
 + Level 1.8 Conjurations
 * Level 3.3 Air Magic


You had 6 spell levels left.
You knew the following spells:

 Your Spells              Type           Power      Damage    Failure   Level
a - Shock                 Conj/Air       56%        1d6       4%          1
b - Static Discharge      Conj/Air       14%        3-5/arc   7%          2

Your spell library contained the following spells:

 Spells                   Type           Power      Damage    Failure   Level
 Swiftness                Air            17%        N/A       10%         3
 Dazzling Flash           Conj/Hex       14%        N/A       26%         3
 Airstrike                Air            8%         2d(2-18)  32%         4
 Iskenderun's Mystic Bla  Conj/Tloc      7%         2d4       65%         4
 Starburst                Conj/Fire      3%         6d3       100%        6


Dungeon Overview and Level Annotations

Branches:
Dungeon (2/15)

Altars:
Qazlal


Message History

Aiming: Shock (safe; 4% risk of failure)
Press: ? - help, Shift-Dir - straight line, p - gnoll The zap misses the gnoll.
The zap hits the gnoll.
The gnoll is lightly wounded.
The zap hits the gnoll.
The gnoll is moderately wounded.
The gnoll attacks as you move away! The gnoll hits you with a +0 whip.
A nearby plant withers and dies. x2
The zap hits the gnoll.
The gnoll is moderately wounded.
The zap hits the endoplasm.
The endoplasm is lightly wounded.
The gnoll hits you with a +0 whip.
The endoplasm jiggles.
The zap hits the gnoll.
The gnoll is severely wounded.
The zap hits the endoplasm.
You kill the endoplasm!
Qazlal accepts your kill.
The zap misses the gnoll.
The gnoll closely misses you.
Casting: Shock (safe; 4% risk of failure)
Confirm with . or Enter, or press ? or * to list all spells.
Aiming: Shock (safe; 4% risk of failure)
Press: ? - help, Shift-Dir - straight line, p - gnoll You miscast Shock.
You are very lightly contaminated with residual magic.
Nothing appears to happen.
The gnoll closely misses you.
Press: ? - help, v - describe, . - travel A rock wall.
Casting: Shock (safe; 4% risk of failure)
Confirm with . or Enter, or press ? or * to list all spells.
Aiming: Shock (safe; 4% risk of failure)
Press: ? - help, Shift-Dir - straight line, f - gnoll, p - gnoll
Aim: a gnoll, wielding a +0 club (lightly wounded, 75% to hit)
You miscast Shock.
Nothing appears to happen.
The gnoll barely misses you.
The zap misses the gnoll.
The zap hits the gnoll.
The gnoll is moderately wounded.
The gnoll hits you from afar with a +0 halberd!
Ouch! That really hurt!
You die...

#.##.##.#
#...<.>.........#####
#.##.##.#
#......#...######
#.......# ########...#
####.#### ### ##.##
#......# ##.## #.#
#.##^#.###.#.#######.#
# #.#.##.###........#
#.....## ##.#######
###..## ##@# #.#.#
#g## ...##.. #ggg.#
##### ......#.#
P..PP...# ..P.PP... #
.P.P...... ..P..P....
.PP....P..#


You could see 3 gnolls.

Vanquished Creatures
  4 dart slugs
  3 ball pythons
  3 endoplasms
  4 goblins (D:1)
  A hobgoblin (D:2)
  2 quokkas
  3 bats
  A frilled lizard (D:1)
  A kobold (D:1)
  4 rats
26 creatures vanquished.

Vanquished Creatures (others)
  7 plants (D:2)
7 creatures vanquished.

Grand Total: 33 creatures vanquished

Notes
Turn   | Place    | Note
-------+----------+-------------------------------------------
     0 | D:1      | Jakudza the Deep Elf Air Elementalist began the quest for
                  | the Orb.
     0 | D:1      | Reached XP level 1. HP: 10/10 MP: 6/6
   142 | D:1      | Reached XP level 2. HP: 15/15 MP: 2/8
   570 | D:1      | Found a faded altar of an unknown god.
   579 | D:1      | Prayed at the altar of an unknown god.
   579 | D:1      | Became a worshipper of Qazlal Stormbringer
   579 | D:1      | Reached * piety under Qazlal
   620 | D:1      | Learned a level 2 spell: Static Discharge
  1072 | D:2      | Identified the +7 rapier of Rizxoh Heco {vorpal, rPois
                  | Will+ rCorr Dex+4}
  1347 | D:2      | Reached XP level 3. HP: 10/19 MP: 6/10
  1572 | D:2      | Slain by a gnoll

Illustrated notes

Levels and vault maps discovered:
D:1:      psy_arrival_dodecagon, layout_loops_ring,
          shapermc_ecumenical_altar_starsandcircs
D:2:      layout_loops_cross, minmay_misc_feat_columns, nicolae_grassy_gnolls

Action                   || total
-------------------------++-------
Melee: Dagger            ||     2
 Cast: Shock             ||    68
  Use: Scroll            ||     6
       Potion            ||     3
Armor: Robe              ||     2
Dodge: Dodged            ||    15
Block: Other             ||     2
